 Dungeon Crawl Stone Soup version 0.26.0-57-g60708a5e39 (webtiles) character file.

Game seed: 2280121713384557488

216 swilekon the Chopper (level 5, -1/37 HPs)
             Began as an Octopode Monk on Feb 1, 2021.
             Slain by Grinder (4 damage)
             ... while paralysed by Grinder
             ... on level 3 of the Dungeon.
             The game lasted 00:04:45 (3163 turns).

swilekon the Chopper (Octopode Monk)                Turns: 3163, Time: 00:04:46

Health: -1/37      AC:  1    Str: 12    XL:     5   Next: 93%
Magic:  5/5        EV:  2    Int: 12    God:
Gold:   113        SH:  0    Dex: 14    Spells: 4/4 levels left

rFire    . . .     SeeInvis .   a - +0 hand axe
rCold    . . .     Faith    .   (no shield)
rNeg     . . .     Spirit   .   (helmet restricted)
rPois    .         Reflect  .   (no amulet)
rElec    .         Harm     .   (no ring)
rCorr    .         Rampage  .   (no ring)
Will     .....                  (no ring)
Stlth    ++++......             (no ring)
HPRegen  0.12/turn              (no ring)
MPRegen  0.09/turn              (no ring)
                                (no ring)
                                (no ring)

@: paralysed
A: almost no armour, stealthy swim, amphibious, 8 rings, constrict 8, camouflage
1, gelatinous body 1
a: no special abilities


You were on level 3 of the Dungeon.
You visited 1 branch of the dungeon, and saw 4 of its levels.

You collected 113 gold pieces.

Inventory:

Hand Weapons
 a - a +0 hand axe (weapon)
Scrolls
 c - 4 scrolls of remove curse {unknown}
 f - 2 scrolls of enchant weapon {unknown}
 j - 3 scrolls of magic mapping {unknown}
 k - 3 scrolls of identify {unknown}
Potions
 b - 3 potions of haste {unknown}
 d - a potion of ambrosia {unknown}
 e - a potion of heal wounds {unknown}
 g - a potion of magic {unknown}
 h - a potion of curing {unknown}
 i - a potion of might {unknown}
 l - a potion of brilliance {unknown}


   Skills:
 + Level 3.9 Fighting
 * Level 4.6 Axes
 + Level 3.9 Dodging
 + Level 4.3 Stealth


You had 4 spell levels left.
You didn't know any spells.
Your spell library was empty.

Dungeon Overview and Level Annotations

Branches:
Dungeon (4/15)
 Temple: D:4-7

Altars:
Dithmenos
Fedhas
Ru
Zin

Annotations:
D:3 Grinder


Innate Abilities, Weirdness & Mutations

You cannot wear most types of armour.
You are very stealthy in the water. (Stealth+)
You are amphibious.
You can wear up to eight rings at the same time.
You can use your tentacles to constrict eight enemies at once.
Your skin changes colour to match your surroundings (Stealth+).
Your rubbery body absorbs attacks. (AC +1, EV +1)


Message History

You constrict Grinder. Grinder hits you.
You are too injured to fight recklessly!
You are too injured to fight recklessly!
You are too injured to fight recklessly!
You are too injured to fight recklessly!
You are too injured to fight recklessly!
You hit Grinder but do no damage.
Grinder is heavily wounded.
You constrict Grinder. Grinder hits you.
You writhe in agony.
* * * LOW HITPOINT WARNING * * *
You hit Grinder.
Grinder is severely wounded.
You constrict Grinder. Grinder gestures at you.
You suddenly lose the ability to move!
You lose your grip on Grinder.
Grinder gestures at you. Pain shoots through your body!
* * * LOW HITPOINT WARNING * * *
Grinder hits you.
You die...

≈≈≈≈≈≈≈≈≈≈.##.# #
#...≈≈≈≈♣>.≈≈≈≈..#.# #
#(.≈≈≈≈.P...≈≈≈≈.#.# #
#..≈≈≈≈.._.P≈≈≈≈.#.. .
#..≈≈≈≈P.P♣.≈≈≈≈.#####
#...≈≈≈≈♣<.≈≈≈≈.......
#...≈≈≈≈≈≈≈≈≈≈≈.######
#...≈≈≈≈≈≈≈≈≈..###
#..5@≈≈≈≈≈≈≈.......
##....!≈≈≈...######
#####.....### #######


You could see Grinder.

Vanquished Creatures
  Natasha (thrice) (D:2)
  A worker ant (D:3)
  A hound skeleton (D:2)
  2 adders
  3 worms
  3 dart slugs
  A leopard gecko (D:2)
  3 orcs (D:3)
  3 giant cockroaches
  4 goblins
  6 hobgoblins
  13 jackals
  A quokka (D:3)
  A ball python (D:2)
  7 bats
  4 frilled lizards
  7 kobolds
  4 rats
67 creatures vanquished.

Vanquished Creatures (others)
  A plant (D:3)
1 creature vanquished.

Grand Total: 68 creatures vanquished

Notes
Turn   | Place    | Note
-------+----------+-------------------------------------------
     0 | D:1      | swilekon the Octopode Monk began the quest for the Orb.
     0 | D:1      | Reached XP level 1. HP: 16/16 MP: 1/1
   199 | D:1      | Reached XP level 2. HP: 18/21 MP: 2/2
   605 | D:1      | Reached XP level 3. HP: 18/26 MP: 3/3
   999 | D:2      | Found a shadowy altar of Dithmenos.
  1226 | D:2      | Reached XP level 4. HP: 31/31 MP: 4/4
  1291 | D:2      | Noticed Natasha
  1300 | D:2      | Killed Natasha
  1654 | D:2      | Noticed Natasha
  1661 | D:2      | Killed Natasha
  2005 | D:2      | Reached XP level 5. HP: 34/36 MP: 5/5
  2185 | D:2      | Found a glowing silver altar of Zin.
  2185 | D:2      | Noticed an angel
  2232 | D:2      | Noticed Natasha
  2240 | D:2      | Killed Natasha
  2376 | D:2      | You fall into a shaft and drop 2 floors!
  2377 | D:4      | Noticed a phantom
  2756 | D:3      | Found a sacrificial altar of Ru.
  3135 | D:3      | Found a blossoming altar of Fedhas.
  3149 | D:3      | Noticed Grinder
  3161 | D:3      | Paralysed by Grinder for 4 turns
  3163 | D:3      | Slain by Grinder

Illustrated notes

Levels and vault maps discovered:
D:1:      matt_arrival_los_fun, layout_basic,
          hangedman_abyss_or_decor_lesser_grid, minmay_hexomino_p4
D:2:      layout_loops_ring, nicolae_dithmenos_shadow_blocks, zin_angel,
          dk_noncrumbling_4, uniq_natasha
D:3:      layout_basic, fedhas_ov_isle_minmay, lemuel_doored_altar, uniq_grinder
D:4:      minmay_recursive_quarters, layout_cave_pools, serial_column_ruins,
          column_ruins_square_small, column_ruins_hut,
          column_ruins_corridor_corner, column_ruins_open_small_water,
          column_ruins_corridor_corner, column_ruins_open_tiny,
          column_ruins_grid_1

Skill      XL: |  1  2  3  4  5 |
---------------+----------------+-----
Stealth        | 3 4 |  4.3
Axes           | 4 |  4.6
Fighting       | |  3.9
Dodging        | |  3.9

Action                   |  1- 3 |  4- 6 || total
-------------------------+-------+-------++-------
Melee: Hand axe          |    67 |   106 ||   173
       Constrict         |    17 |    22 ||    39
       Tentacles         |     6 |    14 ||    20
 Stab: Sleeping          |     5 |     8 ||    13
Armor: Skin              |     9 |     4 ||    13
Dodge: Dodged            |    57 |    75 ||   132
